Map: Rainfall LE

Players

Fjant

  • Race: Zerg Zerg
  • League: Grandmaster
  • Spawn Location: 5:00

Lambo - Winner!

  • Race: Zerg Zerg
  • Spawn Location: 11:00

VOD

Have the link to the VOD?

Description

Time

  • Played on: July 4, 2026, 1:22 p.m.
  • Length: 6:43
Show
View Real Time Build Order
Export as new Build Order

Fjant Zerg 

Build Orders: Hatch First 

Get SALT Encoding   

  8  0:00  Drone  
  9  0:10  Drone  
  10  0:17  Drone  
  11  0:22  Drone  
  12  0:32  Overlord  
  12  0:39  Extractor, Drone  
  13  0:50  Drone  
  13  0:51  Drone  
  15  1:00  Drone  
  16  1:13  Hatchery  
  16  1:17  Drone  
  16  1:20  Drone  
  17  1:34  Spawning Pool  
  17  1:36  Drone  
  17  1:41  Extractor  
  17  1:42  Drone  
  17  1:51  Drone  
  18  2:01  Drone  
  19  2:11  Overlord  
  19  2:20  Drone  
  20  2:24  Queen x2  
  20  2:29  Zergling x2  
  25  2:30  Drone  
  25  2:35  Drone  
  27  2:39  Drone  
  28  2:44  Metabolic Boost  
  28  2:46  Drone  
  28  2:51  Drone  
  30  2:55  Drone  
  31  3:00  Drone  
  32  3:09  Hatchery  
  31  3:13  Drone  
  31  3:15  Overlord  
  31  3:24  Baneling Nest  
  31  3:25  Extractor  
  31  3:26  Drone  
  30  3:28  Extractor, Drone x2  
  33  3:34  Zergling x2  
  33  3:35  Zergling x4  
  33  3:37  Zergling x2  
  33  3:39  Drone  
  38  3:43  Zergling x2  
  38  3:45  Zergling x2  
  38  3:47  Overlord  
  40  3:54  Roach Warren  
  39  3:59  Overlord, Extractor  
  38  4:04  Overlord  
  38  4:09  Drone  
  39  4:10  Drone  
  39  4:14  Overlord  
  40  4:33  Roach  
  40  4:34  Roach x5  
  54  4:38  Roach  
  54  4:43  Roach  
  54  4:44  Roach  
  58  4:47  Roach  
  58  4:51  Roach  
  62  4:58  Roach  
  64  5:01  Roach x2  
  64  5:03  Overlord  
  68  5:09  Overlord  
  68  5:14  Overlord  
  68  5:21  Extractor  
  68  5:22  Drone x2  
  68  5:23  Drone, Zergling x2  
  71  5:29  Zergling x6  
  71  5:32  Zergling x2  
  74  5:41  Roach  
  74  5:42  Roach x2  
  79  5:48  Roach x2  
  81  5:57  Roach x2  
  81  6:02  Drone  
  81  6:03  Drone x2  
  88  6:07  Zergling x4  
  88  6:09  Ravager  
  79  6:19  Zergling x10  
Show
View Real Time Build Order
Export as new Build Order

Lambo Zerg - Winner!

Build Orders: Hatch First 

Get SALT Encoding   

  8  0:00  Drone  
  9  0:12  Drone  
  10  0:16  Drone  
  10  0:21  Drone  
  12  0:31  Overlord  
  12  0:39  Extractor  
  12  0:40  Drone  
  13  0:50  Drone  
  13  0:51  Drone  
  15  1:10  Hatchery  
  14  1:13  Drone  
  14  1:17  Drone  
  16  1:22  Drone  
  17  1:36  Spawning Pool  
  17  1:38  Drone  
  17  1:42  Extractor, Drone  
  17  1:51  Drone  
  18  2:01  Drone  
  19  2:11  Overlord  
  19  2:22  Drone, Queen x2  
  20  2:29  Drone  
  25  2:31  Drone  
  25  2:35  Drone  
  27  2:41  Drone  
  27  2:43  Drone  
  29  2:51  Overlord  
  29  2:57  Drone  
  29  2:58  Queen  
  32  3:10  Drone x3  
  32  3:12  Lair  
  35  3:20  Overlord  
  35  3:21  Drone  
  35  3:22  Drone  
  37  3:29  Drone  
  37  3:30  Drone x2  
  40  3:37  Evolution Chamber  
  40  3:39  Drone x4  
  43  3:42  Drone  
  43  3:43  Drone  
  45  3:50  Roach Warren  
  45  3:52  Overlord  
  45  3:54  Extractor, Drone  
  44  3:56  Extractor  
  43  4:03  Evolution Chamber  
  43  4:04  Drone x3  
  43  4:07  Zerg Missile Weapons Level 1  
  43  4:08  Drone x2  
  47  4:11  Overseer  
  47  4:13  Drone x2  
  47  4:15  Extractor  
  48  4:18  Overlord  
  48  4:22  Drone  
  49  4:29  Drone  
  49  4:30  Glial Reconstitution  
  49  4:31  Overlord  
  50  4:37  Drone, Overlord  
  51  4:39  Roach  
  51  4:40  Roach  
  51  4:42  Roach  
  57  4:48  Overlord  
  57  4:51  Overlord  
  57  4:57  Roach x2  
  61  5:02  Roach x2  
  65  5:10  Roach x3  
  65  5:13  Roach, Spine Crawler  
  72  5:18  Roach x2  
  76  5:25  Roach Warren, Roach  
  77  5:33  Spire  
  74  5:36  Roach x3  
  74  5:41  Roach  
  80  5:45  Roach x2  
  86  5:50  Roach x2  
  86  5:55  Overlord  
  88  6:00  Overlord  
  88  6:04  Overlord  
  88  6:08  Roach  
  88  6:10  Roach  
  88  6:11  Roach x2  
  96  6:14  Roach  
  96  6:18  Roach x2  
  96  6:22  Roach  
  96  6:23  Roach  
Tags
 
Matchup
ZvZ
Race
Zerg
Replay Pack
hsc29
Spawn Locations
Cross Positions
Add a new tag
Caveats
  • Supply blocks, unpowered buildings, or Contaminate may cause inaccurate times.
  • Supply counts are checked every 10 seconds.